 Dungeon Crawl Stone Soup version 0.21-a0-508-gf08a75f (webtiles) character file.

22 BingusPrime the Ruffian (level 2, 0/34 HPs)
             Began as a Draconian Transmuter on Nov 28, 2017.
             Slain by a gnoll
             ... wielding a +0 whip
              (1 damage)
             ... on level 1 of the Dungeon.
             The game lasted 00:02:46 (609 turns).

BingusPrime the Ruffian (Draconian Transmuter)       Turns: 609, Time: 00:02:46

Health: 0/34       AC: 21    Str: 12    XL:     2   Next: 68%
Magic:  5/5        EV:  2    Int: 13    God:
Gold:   41         SH:  0    Dex: 11    Spells: 4/5 levels left

rFire    . . .     SeeInvis .   g - +0 short sword
rCold    . . .     Gourm    .   (no shield)
rNeg     + + +     Faith    .   (armour unavailable)
rPois    +         Spirit   .   (helmet currently unavailable)
rElec    .         Reflect  .   (cloak currently unavailable)
rCorr    .         Harm     .   (gloves currently unavailable)
MR       .....     NoTele   +   (boots currently unavailable)
Stlth    ++........             (no amulet)
HPRegen  0.11/turn              e - ring of stealth
MPRegen  0.09/turn              j - ring of teleportation (curse)

@: tree-form
A: unfitting armour, AC +4
a: no special abilities


You were on level 1 of the Dungeon.
You were not hungry.
You were a tree.
You visited 1 branch of the dungeon, and saw 2 of its levels.

You collected 41 gold pieces.

Inventory:

Hand Weapons
 g - a +0 short sword (weapon)
Missiles
 a - 33 arrows
 l - a throwing net (quivered)
Jewellery
 e - a ring of stealth (left branch)
 j - a cursed ring of teleportation (right branch)
Scrolls
 d - a scroll of identify {unknown}
 h - a scroll of amnesia {unknown}
Potions
 i - a potion of haste {unknown}
 m - a potion of berserk rage {unknown}
Books
 b - a book of Changes

   Spells                             Type                      Level
   a - Beastly Appendage              Transmutation                1
   b - Sticks to Snakes               Transmutation                2
   c - Spider Form                    Transmutation/Poison         3
   d - Ice Form                       Ice/Transmutation            4
   e - Blade Hands                    Transmutation                5
Comestibles
 c - 3 bread rations
 k - a meat ration


   Skills:
 + Level 1.1 Fighting
 + Level 2.4 Dodging
 + Level 3.2 Unarmed Combat
 + Level 2.0 Spellcasting
 + Level 2.2 Transmutations


You had 4 spell levels left.
You knew the following spells:

 Your Spells              Type           Power        Failure   Level  Hunger
a - Beastly Appendage     Tmut           #.....       11%         1    ##.....


Dungeon Overview and Level Annotations

Branches:
Dungeon (2/15)

Altars:


Innate Abilities, Weirdness & Mutations

((Your plain brown scales are hard. (AC +4)))
You cannot fit into any form of body armour.
((You are cold-blooded and may be slowed by cold attacks.))


Message History

You hit the gnoll but do no damage.
The gnoll is lightly wounded.
The gnoll hits you but does no damage.
You hit the gnoll but do no damage.
The gnoll is lightly wounded.
The gnoll hits you but does no damage.
You hit the gnoll.
The gnoll is moderately wounded.
The gnoll hits you but does no damage.
You barely miss the gnoll.
The gnoll is moderately wounded.
The gnoll hits you but does no damage. The gnoll hits you with a whip.
* * * LOW HITPOINT WARNING * * *
You hit the gnoll.
The gnoll is heavily wounded.
The gnoll hits you but does no damage.
You barely miss the gnoll.
The gnoll is heavily wounded.
The gnoll hits you with a whip.
You die...

#############
............###########
............[...♣)....#
...#########.###g####.#
...# #..##.# #.####
..†# ##.##.# #....#
...# ####.##.# ####.#
...##### #.....#.# #.#
.......#
#.....#.#######.#
.......#
#...)...........#
###....#
#.......#########


You could see a gnoll.

Vanquished Creatures
  A gnoll (D:1)
  2 dart slugs (D:1)
  A bat (D:1)
  A hobgoblin (D:1)
  A kobold (D:1)
  A goblin (D:1)
  3 rats (D:1)
10 creatures vanquished.

Notes
Turn   | Place    | Note
-------+----------+-------------------------------------------
     0 | D:1      | BingusPrime the Draconian Transmuter began the quest for the Orb.
     0 | D:1      | Reached XP level 1. HP: 16/16 MP: 3/3
   316 | D:1      | Reached XP level 2. HP: 23/23 MP: 3/5
   593 | D:1      | HP: 1/23 [gnoll/spear (6)]
   607 | D:1      | HP: 1/34 [gnoll/whip (2)]
   609 | D:1      | Slain by a gnoll

Vault maps used:
D:1:      dpeg_arrival_lava_temple_mockup
D:2:      first_bread

Skill      XL: |  1 |
---------------+----+-----
Dodging        | 2 |  2.4
Fighting       | |  1.1
Unarmed Combat | |  3.2
Spellcasting   | |  2.0
Transmutations | |  2.2

Action                   || total
-------------------------++-------
Melee: Short sword       ||    34
       Unarmed           ||     7
       Kick              ||     6
       Tailslap          ||     1
       Punch             ||     1
 Cast: Beastly Appendage ||     6
  Use: Potion            ||     1
Armor: Skin              ||    30
Dodge: Dodged            ||    27

Table legend:
 A = Spawn XP
 B = Non-spawn XP
 C = Spawn XP percentage of total XP
 D = Spawn monster count
 E = Non-spawn monster count
 F = Spawn count percentage of total count
 G = Total turns spent on level
                    A         B        C        D         E        F      G
               +---------+---------+-------+---------+---------+-------+---------
         Total |       0 |      32 |   0.0 |       0 |      10 |   0.0 |   609
               +---------+---------+-------+---------+---------+-------+---------
           D:1 |       0 |      32 |   0.0 |       0 |      10 |   0.0 |   596
               +---------+---------+-------+---------+---------+-------+---------
